 Dungeon Crawl Stone Soup version 0.30-b1-2-g02819fbbbe (webtiles) character file.

Game seed: 6142922114421377954

127 Mesmaeker13 the Caller (level 4, 0/33 HPs)
             Began as a Demigod Summoner on Aug 7, 2023.
             Slain by an orc
             ... wielding a +0 flail
              (6 damage)
             ... on level 4 of the Dungeon.
             The game lasted 00:03:41 (3001 turns).

Mesmaeker13 the Caller (Demigod Summoner)           Turns: 3001, Time: 00:03:42

Health: 0/33       AC:  2    Str:  9    XL:     4   Next: 56%
Magic:  11/11      EV: 13    Int: 21    God:
Gold:   77         SH:  0    Dex: 14    Spells: 2/8 levels left

rFire   . . .        o - +1 sling (freeze)
rCold   . . .        (no shield)
rNeg    . . .        a - +0 robe
rPois   .            (no helmet)
rElec   .            (no cloak)
rCorr   .            (no gloves)
SInv    .            (no boots)
Will    .....        (no amulet)
Stlth   ++           (no ring)
HPRegen 0.25/turn    (no ring)
MPRegen 0.12/turn

%: no passive effects
@: no status effects
A: high MP 1, forlorn, divine attributes
a: no special abilities


You were on level 4 of the Dungeon.
You visited 1 branch of the dungeon, and saw 4 of its levels.

You collected 77 gold pieces.

Inventory:

Hand Weapons
 h - a +0 spear
 o - a +1 sling of freezing (weapon)
Armour
 a - a +0 robe (worn)
Scrolls
 d - a scroll of fear {unknown}
 e - 2 scrolls of teleportation
 g - 2 scrolls of immolation {unknown}
 i - 2 scrolls of enchant armour
 m - a scroll of fog {unknown}
 p - a scroll of blinking {unknown}
Potions
 b - a potion of magic
 c - 2 potions of curing
 f - a potion of lignification {unknown}
 k - a potion of might {unknown}
 l - a potion of brilliance {unknown}
 n - a potion of haste {unknown}
 q - a potion of ambrosia {unknown}


   Skills:
 + Level 3.0 Dodging
 - Level 1.7 Stealth
 + Level 2.8 Spellcasting
 + Level 4.4 Summonings


You had 2 spell levels left.
You knew the following spells:

 Your Spells              Type           Power      Damage    Failure   Level
a - Summon Small Mammal   Summ           84%        N/A       2%          1
b - Call Imp              Summ           42%        N/A       3%          2
c - Call Canine Familiar  Summ           21%        N/A       7%          3

Your spell library contained the following spells:

 Spells                   Type           Power      Damage    Failure   Level
 Apportation              Tloc           4%         N/A       14%         1
 Sandblast                Erth           4%         2d4       14%         1
 Passwall                 Tmut/Erth      1%         N/A       21%         2
 Summon Guardian Golem    Hex/Summ       12%        N/A       16%         3
 Stone Arrow              Conj/Erth      4%         3d7       38%         3
 Summon Lightning Spire   Summ/Air       12%        N/A       47%         4
 Alistair's Intoxication  Tmut/Pois      1%         N/A       98%         5


Dungeon Overview and Level Annotations

Branches:
Dungeon (4/15)
 Temple: D:4-7

Annotations:
D:4 Menkaure


Innate Abilities, Weirdness & Mutations

You have an increased reservoir of magic. (+10% MP)
You shall have no god before yourself.
Your divine heritage dramatically boosts your attributes as you level up.


Message History

Okay, then.
You see here a +0 club.
There is a stone staircase leading down here.
You climb downwards.
You hear the sound of rushing water.
There is an entrance to a sewer on this level.
Hurry and find it before the portal rusts away!
Level annotation: Menkaure
There is a stone staircase leading up here.
You hear the slow rusting of a very distant drain.
You open the door.
There is an open door here.
You open the door.
An orc comes into view. It is wielding a +0 flail.
An orc comes into view. It is wielding a +0 short sword.
You shoot a sling bullet.
The sling bullet hits the orc but does no damage.
The orc barely misses you.
An orc priest comes into view. It is wielding a +0 dagger.
You shoot a sling bullet. The sling bullet barely misses the orc.
The orc shouts!
The orc priest shouts!
The sling bullet hits the orc.
The sling bullet freezes the orc.
You kill the orc!
You hear a shout!
An orc comes into view. It is wielding a +0 dagger.
The orc hits you with a +0 flail. The orc attacks as you move away!
The orc hits you with a +0 flail!
An orc comes into view. It is wielding a +2 whip of distortion.
There is an open door here.
The orc attacks as you move away! The orc hits you with a +0 flail.
The orc priest looks satisfied for a moment.
The orc attacks as you move away! The orc hits you with a +0 flail.
The orc attacks as you move away! The orc closely misses you.
The orc priest calls down the wrath of Beogh upon you.
Beogh smites you!
* * * LOW HITPOINT WARNING * * *
The orc attacks as you move away! The orc hits you with a +0 flail.
* * * LOW HITPOINT WARNING * * *
There is a stone staircase leading up here.
The orc hits you with a +0 flail.
You die...

# #.
#.###########
♣.....o@....#
P
♣♣♣♣..########
♣♣ ~~~P♣PP♣..#
~. ~~~~~.~...#
~♣ .~~♣.P~♣..#
♣♣ ♣♣♣♣♣o.# .#
♣♣♣....# .#
♣....o.# ..
♣..#'###


You could see an orc.

Vanquished Creatures
  3 gnolls (D:2)
  2 dart slugs
  2 orcs
  4 ball pythons
  5 endoplasms
  A goblin (D:3)
  A hobgoblin (D:2)
  A jackal (D:3)
  A kobold (D:3)
  4 quokkas
  A frilled lizard (D:1)
  4 rats
29 creatures vanquished.

Vanquished Creatures (collateral kills)
  2 adders
  A gnoll (D:2)
  A white imp (D:3)
  2 dart slugs (D:1)
  A ball python (D:1)
  3 endoplasms
  A giant cockroach (D:1)
  3 goblins (D:1)
  A hobgoblin (D:1)
  2 jackals (D:3)
  A kobold (D:1)
  2 bats (D:1)
  A frilled lizard (D:1)
  A rat (D:1)
22 creatures vanquished.

Grand Total: 51 creatures vanquished

Notes
Turn   | Place    | Note
-------+----------+-------------------------------------------
     0 | D:1      | Mesmaeker13 the Demigod Summoner began the quest for the
                  | Orb.
     0 | D:1      | Reached XP level 1. HP: 14/14 MP: 5/5
   348 | D:1      | Reached XP level 2. HP: 20/20 MP: 5/7
  1206 | D:2      | Learned a level 2 spell: Call Imp
  1271 | D:2      | Reached skill level 4 in Summonings
  1304 | D:2      | Reached XP level 3. HP: 26/26 MP: 9/9
  1754 | D:2      | Reached XP level 4. HP: 33/33 MP: 7/10
  2192 | D:3      | Learned a level 3 spell: Call Canine Familiar
  2924 | D:4      | Noticed Menkaure
  3001 | D:4      | Slain by an orc

Illustrated notes

Levels and vault maps discovered:
D:1:      ebering_trefoil_twist, layout_loops_corners,
          hellmonk_ecumenical_altar_leap_of_faith
D:2:      layout_basic
D:3:      layout_basic, mainiacjoe_overflow_alcove_1, bloody_trog
D:4:      wander_river, layout_basic, grunt_gozag_statues,
          mainiacjoe_overflow_alcove_4, makhleb_altar_promises_db,
          worldfamousw_hep_ancestral_shrine, temple_statues, serial_shops, shop,
          cheibrodos_sewer_entry_drain, serial_bayou_crossing, uniq_duvessa,
          uniq_menkaure, uniq_crazy_yiuf_cottage

Skill      XL: |  1  2  3  4 |
---------------+-------------+-----
Dodging        | 2 3 |  3.0
Spellcasting   | 2 |  2.8
Summonings     | 4 |  4.4
Stealth        | |  1.7

Action                     |  1- 3 |  4- 6 || total
---------------------------+-------+-------++-------
  Melee: Unarmed           |     9 |       ||     9
         Club              |     8 |       ||     8
         Spear             |    14 |     6 ||    20
         Flail             |     4 |       ||     4
   Fire: Sling             |    30 |    21 ||    51
   Cast: Summon Small Mamm |    20 |       ||    20
         Call Imp          |     3 |     3 ||     6
    Use: Scroll            |       |     3 ||     3
   Stab: Sleeping          |     2 |       ||     2
 Armour: Robe              |     6 |       ||     6
  Dodge: Dodged            |    33 |     4 ||    37
